 Dungeon Crawl Stone Soup version 0.30.1-11-g7821555f0a (webtiles) character file.

Game seed: 17932149930308789146

832 SacredBeard the Grave Robber (level 7, -5/52 HPs)
             Began as a Demonspawn Necromancer on Dec 1, 2023.
             Slain by Duvessa
             ... wielding a +1 rapier of speed
              (7 damage)
             ... on level 6 of the Dungeon.
             The game lasted 00:14:41 (5766 turns).

SacredBeard the Grave Robber (DsNe)                 Turns: 5766, Time: 00:14:42

Health: -5/52      AC:  9    Str:  8    XL:     7   Next: 65%
Magic:  8/19       EV: 12    Int: 16    God:
Gold:   81         SH:  0    Dex: 18    Spells: 9/10 levels left

rFire   + . .        A - +1 whip (elec)
rCold   . . .        (no shield)
rNeg    . . .        E - +0 leather armour {rF+}
rPois   .            (helmet restricted)
rElec   .            w - +1 cloak
rCorr   .            (no gloves)
SInv    .            (no boots)
Will    .....        (no amulet)
Stlth   +++          n - ring of magical power
HPRegen 0.28/turn    o - +4 ring of protection
MPRegen 0.16/turn

%: no passive effects
@: no status effects
A: antennae 1, thin skeletal structure 1, ignite blood 1
a: no special abilities


You were on level 6 of the Dungeon.
You visited 1 branch of the dungeon, and saw 6 of its levels.

You collected 256 gold pieces.
You spent 175 gold pieces at shops.

Inventory:

Hand Weapons
 z - a +0 halberd of protection
 A - a +1 whip of electrocution (weapon)
Missiles
 c - 42 stones
 u - 2 javelins
 v - 6 boomerangs
Armour
 w - a +1 cloak (worn)
 E - a +0 leather armour of fire resistance (worn)
Jewellery
 n - a ring of magical power (left hand)
 o - a +4 ring of protection (right hand)
 t - a ring of ice
Wands
 y - a wand of flame (15)
 F - a wand of roots (12)
Scrolls
 e - 3 scrolls of teleportation
 g - 3 scrolls of enchant armour
 i - a scroll of butterflies
 l - 2 scrolls of brand weapon
 q - 2 scrolls of amnesia
 s - 2 scrolls of blinking
 x - 2 scrolls of vulnerability
 B - 2 scrolls of magic mapping {unknown}
 D - a scroll of fog {unknown}
Potions
 a - 3 potions of haste
 f - 2 potions of lignification
 h - 4 potions of mutation
 j - a potion of brilliance {unknown}
 k - 3 potions of curing
 m - 2 potions of resistance
 p - a potion of flight {unknown}
 r - a potion of attraction {unknown}
 C - a potion of might {unknown}


   Skills:
 - Level 3.0 Fighting
 + Level 2.0 Throwing
 - Level 2.0 Armour
 - Level 2.0 Dodging
 - Level 3.0 Stealth
 - Level 2.0 Spellcasting
 - Level 7.0 Necromancy
 * Level 4.2 Evocations


You had 9 spell levels left.
You knew the following spells:

 Your Spells              Type           Power      Damage    Failure   Level
a - Necrotise             Necr           96%        1d8       1%          1

Your spell library contained the following spells:

 Spells                   Type           Power      Damage    Failure   Level
 Vampiric Draining        Necr           24%        2d7       4%          3
 Animate Dead             Necr           24%        N/A       16%         4
 Static Discharge         Conj/Air       2%         2-3/arc   41%         2
 Agony                    Necr           24%        N/A       41%         5
 Airstrike                Air            0%         2d(1-17)  96%         4
 Summon Lightning Spire   Summ/Air       1%         N/A       96%         4
 Summon Forest            Summ/Tloc      0%         N/A       100%        5
 Eringya's Noxious Bog    Tmut/Pois      0%         N/A       100%        6
 Summon Hydra             Summ           0%         N/A       100%        7
 Chain Lightning          Conj/Air       0%         2d1       100%        9
 Fire Storm               Conj/Fire      0%         6d1       100%        9
 Shatter                  Erth           0%         3d5*      100%        9


Dungeon Overview and Level Annotations

Branches:
Dungeon (6/15) Zot: 25603
 Temple: D:4-7

Altars:
Ashenzari

Shops:
D:1 [   D:3 =   D:4 ?

Annotations:
D:4 2 runed translucent doors, Ijustatesigmund's ghost, amateur GrEE
D:6 Dowan; Duvessa; Prince Ribbit


Innate Abilities, Weirdness & Mutations

You have a pair of small antennae on your head.
You have a somewhat thin skeletal structure. (Dex +2, Stealth+)
Your demonic aura sometimes causes spilled blood to erupt in flames.


Message History

Aiming: Necrotise (safe; 1% risk of failure)
Press: ? - help, Shift-Dir - straight line, f/p - Duvessa
Aim: Duvessa, wielding a +1 rapier of speed and wearing a +0 ring mail (almost dead, chance to affect: 69%) Duvessa struggles to resist.
Duvessa closely misses you. Duvessa completely misses you.
Unknown command.
Casting: Necrotise (safe; 1% risk of failure)
Confirm with . or Enter, or press ? or * to list all spells.
Aiming: Necrotise (safe; 1% risk of failure)
Press: ? - help, Shift-Dir - straight line, f/p - Duvessa
Aim: Duvessa, wielding a +1 rapier of speed and wearing a +0 ring mail (almost dead, chance to affect: 69%) Duvessa writhes in agony.
Duvessa hits you with a +1 rapier of speed!
Unknown command.
Casting: Necrotise (safe; 1% risk of failure)
Confirm with . or Enter, or press ? or * to list all spells.
Aiming: Necrotise (safe; 1% risk of failure)
Press: ? - help, Shift-Dir - straight line, f/p - Duvessa
Aim: Duvessa, wielding a +1 rapier of speed and wearing a +0 ring mail (almost dead, chance to affect: 69%) Duvessa struggles to resist.
Duvessa hits you with a +1 rapier of speed!
* * * LOW HITPOINT WARNING * * *
Duvessa misses you.
Casting: Necrotise (safe; 1% risk of failure)
Confirm with . or Enter, or press ? or * to list all spells.
Aiming: Necrotise (safe; 1% risk of failure)
Press: ? - help, Shift-Dir - straight line, f/p - Duvessa
Aim: Duvessa, wielding a +1 rapier of speed and wearing a +0 ring mail (almost dead, chance to affect: 69%) Duvessa struggles to resist.
Duvessa hits you with a +1 rapier of speed!
* * * LOW HITPOINT WARNING * * *
Unknown command.
Casting: Necrotise (safe; 1% risk of failure)
Confirm with . or Enter, or press ? or * to list all spells.
Aiming: Necrotise (safe; 1% risk of failure)
Press: ? - help, Shift-Dir - straight line, f/p - Duvessa
Aim: Duvessa, wielding a +1 rapier of speed and wearing a +0 ring mail (almost dead, chance to affect: 69%) Duvessa writhes in agony.
Duvessa hits you with a +1 rapier of speed!
You die...

#. .#
..... ..
.....
#.... ..
.....
#.... ###
#.#.#
#..[.
#.#.#
.....
.#.##
#.>.. ..!#
#....
#e○#######
#....
#@........
.###5
##.######
#. # #.#
#. #.##(#
#. #....#
####.# #.#
#######.##
$........#


You could see Duvessa.

Vanquished Creatures
  A water moccasin (D:5)
  2 scorpions
  A vampire bat (D:3)
  A howler monkey (D:4)
  3 hounds
  2 orc priests (D:5)
  A jelly (D:4)
  A gnoll bouda (D:4)
  3 orc wizards
  A mummy (D:4)
  9 gnolls
  5 adders
  A shadow imp (D:5)
  2 ufetubi
  A worm (D:4)
  A dart slug (D:1)
  13 orcs
  2 ball pythons
  3 endoplasms
  4 giant cockroaches
  4 goblins
  5 hobgoblins
  3 jackals (D:1)
  5 kobolds
  A quokka (D:1)
  10 bats
  3 frilled lizards
  6 rats
94 creatures vanquished.

Vanquished Creatures (collateral kills)
  An orc (D:5)
  A bat (D:3)
2 creatures vanquished.

Grand Total: 96 creatures vanquished

Notes
Turn   | Place    | Note
-------+----------+-------------------------------------------
     0 | D:1      | SacredBeard the Demonspawn Necromancer began the quest for
                  | the Orb.
     0 | D:1      | Reached XP level 1. HP: 13/13 MP: 3/3
   137 | D:1      | Gained mutation: You have a pair of small antennae on your
                  | head. [demonic ancestry]
   137 | D:1      | Reached XP level 2. HP: 19/19 MP: 0/5
   313 | D:1      | Found Oblipn's Armour Shop.
   491 | D:1      | Reached skill level 5 in Necromancy
  1028 | D:2      | Reached XP level 3. HP: 18/24 MP: 0/6
  1471 | D:3      | Reached skill level 6 in Necromancy
  1471 | D:3      | Gained mutation: You have a somewhat thin skeletal
                  | structure. (Dex +2, Stealth+) [demonic ancestry]
  1471 | D:3      | Reached XP level 4. HP: 10/30 MP: 1/7
  1590 | D:3      | Noticed a scorpion
  1603 | D:3      | Killed a scorpion
  1651 | D:3      | Found a broken altar of Ashenzari.
  1746 | D:3      | Reached skill level 7 in Necromancy
  1746 | D:3      | Reached skill level 1 in Fighting
  1746 | D:3      | Gained mutation: Your demonic aura sometimes causes spilled
                  | blood to erupt in flames. [demonic ancestry]
  1746 | D:3      | Reached XP level 5. HP: 16/37 MP: 8/8
  2237 | D:3      | Identified the -1 helmet of Midsummer {rPois}
  2308 | D:3      | Found Ikaryu's One-of-a-Kind Rings.
  2821 | D:4      | Identified the +1 war axe of the Mouth {antimagic, +Blink
                  | rElec rF- Dex-2}
  3051 | D:4      | Found a runed translucent door.
  3085 | D:4      | Reached XP level 6. HP: 39/46 MP: 8/9
  3088 | D:4      | Reached skill level 1 in Evocations
  3231 | D:4      | Found a runed translucent door.
  3461 | D:4      | Noticed Ijustatesigmund's ghost (amateur GrEE)
  3503 | D:4      | Found Deumuneina's Magic Scroll Shop.
  3533 | D:4      | Bought a scroll of identify for 20 gold pieces
  3533 | D:4      | Bought a scroll of identify for 20 gold pieces
  3533 | D:4      | Bought 3 scrolls of identify for 60 gold pieces
  3533 | D:4      | Bought a scroll of blinking for 75 gold pieces
  4117 | D:5      | Entered Level 5 of the Dungeon
  4376 | D:6      | Noticed Duvessa
  4376 | D:6      | Noticed Dowan
  4526 | D:4      | Reached skill level 1 in Armour
  4531 | D:4      | Reached skill level 1 in Throwing
  4693 | D:5      | Reached XP level 7. HP: 52/52 MP: 10/10
  5649 | D:6      | Noticed Prince Ribbit
  5765 | D:6      | HP: 2/52 [Duvessa/+1 rapier of speed (9)]
  5766 | D:6      | Slain by Duvessa

Illustrated notes

Levels and vault maps discovered:
D:1:      dpeg_arrival_simpleton_a, layout_basic, serial_shops,
          nicolae_shop_statue_plus
D:2:      layout_basic
D:3:      layout_loops_ring, mainiacjoe_overflow_brackets,
          nicolae_shop_unique_rings, roderic_batcave
D:4:      layout_basic, gup_ossuary_entry_pyramid, ebering_ghost_sewer_f,
          nicolae_wooded_promenade, dreamdust_princess_corridor, st_stairs_7,
          chequers_decorated_corner, minivault_25
D:5:      layout_loops_cross, grunt_ministairs_14
D:6:      layout_loops_ring, portal_sewer_entry_f, amethyst_killhole,
          serial_bayou_crossing, uniq_prince_ribbit1, uniq_duvessa

Skill      XL: |  1  2  3  4  5  6  7 |
---------------+----------------------+-----
Stealth        | 2 3 |  3.0
Dodging        | 2 |  2.0
Necromancy     | 5 6 7 |  7.0
Fighting       | 1 2 3 |  3.0
Evocations     | 2 4 |  4.2
Armour         | 1 2 |  2.0
Throwing       | 1 2 |  2.0
Spellcasting   | |  2.0

Action                     |  1- 3 |  4- 6 |  7- 9 || total
---------------------------+-------+-------+-------++-------
  Melee: Whip              |     7 |    82 |    21 ||   110
         Punch             |       |     2 |       ||     2
  Throw: Stone             |       |    16 |       ||    16
   Cast: Necrotise         |    47 |   114 |    73 ||   234
    Use: Potion            |     1 |       |       ||     1
         Scroll            |       |    10 |     1 ||    11
 Armour: Leather armour    |     1 |    89 |    31 ||   121
  Dodge: Dodged            |    21 |   166 |    54 ||   241
